 Dungeon Crawl Stone Soup version 0.17.1-3-g152610e (webtiles) character file.

264 ololoev the Slasher (level 5, -4/41 HPs)
             Began as a Mummy Chaos Knight on Apr 28, 2016.
             Slain by a river rat (8 damage)
             ... on level 4 of the Dungeon.
             The game lasted 00:04:27 (3020 turns).

ololoev the Slasher (Mummy Chaos Knight)            Turns: 3020, Time: 00:04:27

Health: -4/41      AC:  5    Str: 17    XL:     5   Next: 98%
Magic:  5/5        EV: 14    Int: 11    God:    Xom [......]
Gold:   160        SH:  0    Dex: 11    Spells: 0 memorised, 4 levels left

rFire  x . .     SeeInvis .     a - +0 falchion (chaos)
rCold  + . .     Clarity  .     b - +2 leather armour
rNeg   + + +     SustAt   .     (no shield)
rPois  ∞         Gourm    .     (no helmet)
rElec  .         Spirit   .     (no cloak)
rCorr  .         Warding  .     (no gloves)
rMut   .         Stasis   .     (no boots)
MR     .....                    l - amulet of faith
Stlth  ..........               n - +3 ring of evasion
                                k - ring of loudness (curse)

@: not resistant to hostile enchantments, extremely unstealthy
A: no food or potions, fire vulnerability, cold resistance 1, negative energy
resistance 3, torment resistance, unbreathing
a: Renounce Religion


Innate Abilities, Weirdness & Mutations

You do not eat or drink.
Your flesh is vulnerable to fire.
You are immune to poison.
Your flesh is cold resistant.
You are immune to negative energy.
You are immune to unholy pain and torment.
You can survive without breathing.

Inventory:

Hand Weapons
 a - a +0 falchion of chaos (weapon)
Missiles
 e - 10 poisoned needles
Armour
 b - a +2 leather armour (worn)
 p - a +2 shield of reflection
Jewellery
 c - an uncursed ring of see invisible
 k - a cursed ring of loudness (left hand)
 l - an amulet of faith (around neck)
 n - a +3 ring of evasion (right hand)
Scrolls
 d - a scroll of teleportation {unknown}
 f - 2 scrolls of immolation {unknown}
 g - 2 scrolls of identify {unknown}
 h - 4 scrolls of noise {unknown}
 i - 2 scrolls of enchant weapon {unknown}
 j - a scroll of enchant armour {unknown}
 m - 2 scrolls of amnesia {unknown}
 o - a scroll of recharging {unknown}


   Skills:
 - Level 3.0 Fighting
 * Level 4.7 Long Blades
 + Level 3.3 Armour
 - Level 0.7 Dodging


You had 4 spell levels left.
You didn't know any spells.


You were on level 4 of the Dungeon.
You worshipped Xom.
You were a very special plaything of Xom.
You were not hungry.

You visited 1 branch of the dungeon, and saw 4 of its levels.

You collected 160 gold pieces.

.# .# .### ...# #######
.#.# #.....# .#.#
##########...>.#
.#.###..............#
.......########.....#####
......## #.@r.......
##.##.# ###.#######
#.##.# #{# #.##.# ##o##
#.##.# #.g.# #%##.# #...#
#.##># #.[.# #.##.# ##.##
#.##.# #..

Notes
Turn   | Place    | Note
--------------------------------------------------------------
     0 | D:1      | ololoev the Mummy Chaos Knight began the quest for the Orb.
     0 | D:1      | Reached XP level 1. HP: 18/18 MP: 1/1
   236 | D:1      | XOM: harmless Pois miscast
   512 | D:1      | XOM: divination: detect items
   621 | D:1      | Reached XP level 2. HP: 17/24 MP: 2/2
   878 | D:1      | XOM: divination: detect creatures
  1173 | D:2      | Reached XP level 3. HP: 26/29 MP: 3/3
  1192 | D:2      | XOM: vitrification
  1249 | D:2      | XOM: fog
  1304 | D:2      | XOM: vitrification
  1313 | D:2      | XOM: potion effect (heal wounds)
  1344 | D:2      | Found a stormy altar of Qazlal.
  1459 | D:2      | Reached XP level 4. HP: 25/35 MP: 4/4
  1479 | D:2      | XOM: divination: detect creatures
  1755 | D:3      | XOM: swap monsters
  1788 | D:3      | Noticed jacquesderrida's ghost (weakling DsSu)
  1796 | D:3      | XOM: fog
  2280 | D:3      | XOM: enchant monster (good)
  2306 | D:3      | XOM: summons 4 friendly demons
  2310 | D:3      | Reached skill level 4 in Long Blades
  2332 | D:3      | XOM: god gift: glowing shield {god gift}
  2338 | D:3      | Reached XP level 5. HP: 18/41 MP: 5/5
  2449 | D:3      | XOM: god gift: slice of pizza
  2515 | D:4      | Noticed an ogre
  2515 | D:4      | XOM: destruction
  2520 | D:4      | Killed an ogre
  2624 | D:4      | Found an ancient bone altar of Kikubaaqudgha.
  2706 | D:4      | XOM: mild Hex miscast
  2855 | D:4      | Found a blossoming altar of Fedhas.
  2953 | D:4      | XOM: harmless Pois miscast
  2998 | D:4      | XOM: polymorph orc -> river rat
  3020 | D:4      | Slain by a river rat

Dungeon Overview and Level Annotations

Branches:
Dungeon (4/15)
 Temple: D:4-7

Altars:
Fedhas
Kikubaaqudgha
Qazlal

Annotations:
D:3 jacquesderrida's ghost, weakling DsSu


Message History

The puff of flame hits you! The fire burns you terribly!
You hit something. Something hits you but does no damage.
You miss something. Something barely misses you.
You closely miss something.
You hear some strange, mumbled words.
A puff of flame appears from out of thin air!
The puff of flame hits you! The fire burns you terribly!
Xom roars with laughter!
You are too injured to fight recklessly!
You are too injured to fight recklessly!
You are too injured to fight recklessly!
You are too injured to fight recklessly!
You are too injured to fight recklessly!
You are too injured to fight recklessly!
You are too injured to fight recklessly!
You are too injured to fight recklessly!
You are too injured to fight recklessly!
You are too injured to fight recklessly!
You are too injured to fight recklessly!
You are too injured to fight recklessly!
You are too injured to fight recklessly!
You hit something. You freeze something.
Reactivating autopickup.
You feel a bit more experienced.
You hit the river rat but do no damage.
You are momentarily dazzled by a flash of light!
The river rat closely misses you.
You barely miss the river rat. The river rat misses you.
The river rat bites you.
You hit the river rat but do no damage.
The river rat blinks!
You completely miss the orc. The orc hits you with a hand axe.
You barely miss the orc. The orc hits you with a hand axe.
You hit the orc.
The orc flickers and vanishes!
Deactivating autopickup; reactivate with Ctrl-A.
Something hits you.
You miss something. Something hits you. The river rat bites you.
You hit something but do no damage. Something completely misses you.
The river rat misses you. The river rat bites you!
You die...

You could see a river rat, an orc and a hobgoblin.

Vanquished Creatures
  An ogre (D:4)
  An iguana (shapeshifter) (D:4)
  2 orc wizards
  7 adders
  3 giant geckos
  5 orcs
  6 giant cockroaches
  8 hobgoblins
  12 jackals
  6 kobolds
  A quokka (D:3)
  3 bats
  5 giant newts
  2 goblins
  A quokka skeleton (D:4)
  6 rats
69 creatures vanquished.

Vanquished Creatures (collateral kills)
  An adder (D:3)
  An orc (D:3)
2 creatures vanquished.

Grand Total: 71 creatures vanquished

Action                   |  1- 3 |  4- 6 || total
-------------------------+-------+-------++-------
Melee: Falchion          |   114 |   162 ||   276
 Stab: Paralysed         |       |     2 ||     2

Vault maps used:
D:1:      erik_arrival_cave_to_civilisation
D:2:      old_standard_altar, first_bread, corexii_item_surrounded_by_moat,
          minmay_ruptured
D:4:      grunt_temple_overflow_growth_and_decay, hangedman_decor_points
